[Event "Titled Tuesday Blitz November 2 2021"]
[White "Dmitrenko, Viktor"]
[Black "Ovchinnikov, Vsevolod"]
[WhiteFideId "14110270"]
[BlackFideId "24176842"]
[WhiteElo "2294"]
[BlackElo "2376"]
[Result "0-1"]
[Round "10"]
[TimeControl "180+1"]
[Date "2021.11.02"]
[WhiteClock "0:00:01"]
[BlackClock "0:00:15"]

1. b3 Nf6 2. Bb2 d5 3. g3 g6 4. Bg2 Bg7 5. Nf3 O-O 6. O-O c5 7. e3 Nc6 8. d4 Ne4 9. c3 cxd4 10. exd4 Qa5 11. b4 Qc7 12. Nbd2 Bf5 13. Nb3 a5 14. b5 Nb8 15. a4 Nxc3 16. Bxc3 Qxc3 17. Nfd2 Rd8 18. Rc1 Qb4 19. Rc7 Qd6 20. Rxb7 Bc8 21. Rxb8 Qxb8 22. Re1 e6 23. Nf3 Bd7 24. Ne5 Be8 25. Nc5 Rc8 26. h4 Bxe5 27. b6 Bd6 28. b7 Bxc5 29. bxa8=Q Qxa8 30. dxc5 Rxc5 31. Qd4 Qc8 32. h5 Rc1 33. Rxc1 Qxc1+ 34. Kh2 Qh6 35. g4 gxh5 36. g5 Qxg5 37. Bf3 Qf5 38. Be2 f6 39. Bb5 Bg6 40. Qc5 Kg7 41. Qe7+ Kh6 42. Qf8+ Kg5 43. Qc5 Qf4+ 44. Kg2 Be4+ 45. Kg1 Qg4+ 46. Kf1 Qh3+ 47. Ke2 Qf3+ 0-1


[Site "https://www.chess.com"]

[Event "Titled Tuesday Blitz November 2 2021"]
[White "Dzhaparov, Medet"]
[Black "Piesik, Piotr"]
[WhiteFideId "13803689"]
[BlackFideId "1136194"]
[WhiteElo "1702"]
[BlackElo "2336"]
[Result "0-1"]
[Round "10"]
[TimeControl "180+1"]
[Date "2021.11.02"]
[WhiteClock "0:00:01"]
[BlackClock "0:00:10"]

1. d4 c5 2. d5 e5 3. e4 d6 4. Nc3 Be7 5. Nf3 a6 6. a4 Bg4 7. Be2 Bxf3 8. Bxf3 Bg5 9. a5 Bxc1 10. Qxc1 Ne7 11. h4 O-O 12. h5 h6 13. Nd1 f5 14. exf5 Nxf5 15. Be4 Nd7 16. Ra3 Nd4 17. Qd2 Nf6 18. Bg6 Qd7 19. Ne3 Ng4 20. Nxg4 Qxg4 21. Rg3 Qf4 22. Qxf4 Rxf4 23. f3 Nb5 24. Be4 Raf8 25. c3 Nc7 26. Rg6 R8f6 27. Ke2 Rxg6 28. hxg6 Ne8 29. g3 Rf8 30. c4 Nf6 31. Bf5 Rb8 32. b4 cxb4 33. Rb1 b5 34. Rxb4 Kf8 35. Be6 Ke7 36. cxb5 axb5 37. a6 Ne8 38. a7 Ra8 39. Rxb5 Rxa7 40. Rb8 Nc7 41. Bf7 Na6 42. Rg8 Kf6 43. Re8 Nc5 44. Rd8 Rd7 45. Rc8 Rb7 46. Rd8 Rb6 47. Rc8 e4 48. fxe4 Nxe4 49. Re8 Ng5 50. Kf2 Rb7 51. Bg8 Kxg6 52. Rd8 Kf5 53. Ke3 Rb3+ 54. Kd4 Rb6 55. Rf8+ Kg4 56. Be6+ Kxg3 57. Rg8 Kf4 58. Rxg7 Rb4+ 59. Kc3 Ra4 60. Rd7 Ke5 61. Bg8 Ne4+ 62. Kb3 Nc5+ 0-1


[Site "https://www.chess.com"]

[Event "Titled Tuesday Blitz November 2 2021"]
[White "Erdogdu, Mert"]
[Black "Le, Tuan Minh"]
[WhiteFideId "6301495"]
[BlackFideId "12401153"]
[WhiteElo "2485"]
[BlackElo "2450"]
[Result "0-1"]
[Round "10"]
[TimeControl "180+1"]
[Date "2021.11.02"]
[WhiteClock "0:00:12"]
[BlackClock "0:00:19"]

1. e4 c5 2. Nf3 Nf6 3. e5 Nd5 4. Nc3 e6 5. Nxd5 exd5 6. d4 Nc6 7. dxc5 Bxc5 8. Qxd5 d6 9. exd6 Qb6 10. Qe4+ Be6 11. Bc4 Bxf2+ 12. Kd1 O-O-O 13. Bxe6+ fxe6 14. c3 Rxd6+ 15. Kc2 Qc5 16. Bf4 e5 17. Bd2 Rhd8 18. Rad1 Kb8 19. Bg5 Rc8 20. Kb1 h6 21. Bc1 Re6 22. Rd5 Qb6 23. Rhd1 Re7 24. Nd2 Qe3 25. Rd3 Qxe4 26. Nxe4 Bb6 27. Rd6 Rf8 28. Rg6 a6 29. Rd3 Rf1 30. Kc2 Re1 31. Nd6 e4 32. Rdg3 e3 33. Rxg7 e2 34. Rxe7 Nxe7 35. Bd2 Rd1 36. Nc4 Bf2 37. Re3 Bxe3 38. Nxe3 e1=Q 0-1


[Site "https://www.chess.com"]

[Event "Titled Tuesday Blitz November 2 2021"]
[White "Gritsenko, Nikolai"]
[Black "Balabayeva, Xeniya"]
[WhiteFideId "14112493"]
[BlackFideId "13719688"]
[WhiteElo "2389"]
[BlackElo "1965"]
[Result "1/2-1/2"]
[Round "10"]
[TimeControl "180+1"]
[Date "2021.11.02"]
[WhiteClock "0:00:06"]
[BlackClock "0:00:36"]

1. e4 c6 2. d4 d5 3. f3 dxe4 4. fxe4 e5 5. Nf3 Be6 6. c3 Nf6 7. Bd3 Nbd7 8. O-O Bd6 9. Bg5 Qb6 10. Qc2 c5 11. Bxf6 Nxf6 12. Ng5 cxd4 13. Kh1 Rc8 14. Nxe6 fxe6 15. Nd2 O-O 16. Nc4 Qc7 17. a4 Ng4 18. Qe2 Ne3 19. Nxe3 dxe3 20. Qxe3 b6 21. Qe2 Rf4 22. g3 Rff8 23. Kg2 a5 24. Rxf8+ Rxf8 25. Bc4 Qe7 26. Rf1 g6 27. Rxf8+ Kxf8 28. Qg4 Kf7 29. Qf3+ Ke8 30. Bb3 Bc5 31. Qe2 Kd7 32. Qf3 Ke8 33. h4 Qf7 34. Qxf7+ Kxf7 35. Kf3 h5 36. Bc4 1/2-1/2


[Site "https://www.chess.com"]

[Event "Titled Tuesday Blitz November 2 2021"]
[White "Hansen, Eric"]
[Black "Aditya Mittal"]
[WhiteFideId "2606771"]
[BlackFideId "35042025"]
[WhiteElo "2568"]
[BlackElo "2245"]
[Result "0-1"]
[Round "10"]
[TimeControl "180+1"]
[Date "2021.11.02"]
[WhiteClock "0:00:12"]
[BlackClock "0:00:09"]

1. Nf3 c5 2. g3 Nc6 3. Bg2 g6 4. O-O Bg7 5. c4 e6 6. Nc3 Nge7 7. b3 d5 8. Bb2 O-O 9. Rc1 d4 10. Na4 b6 11. e3 e5 12. exd4 exd4 13. a3 Bb7 14. d3 Qd7 15. Re1 Rfe8 16. Qc2 Qd6 17. Rcd1 Nf5 18. Bc1 h6 19. h4 Qd7 20. Bf4 Rxe1+ 21. Rxe1 Re8 22. Rxe8+ Qxe8 23. Nb2 Na5 24. b4 Qa8 25. Qe2 cxb4 26. axb4 Nc6 27. b5 Na5 28. Ne1 Bxg2 29. Nxg2 Nb3 30. Ne1 Nc5 31. Qf3 Qe8 32. Kf1 Qc8 33. Qc6 Qxc6 34. bxc6 Ne7 35. c7 Ne6 36. Nf3 Nc8 37. Ke2 f6 38. c5 g5 39. Bd6 bxc5 40. Nc4 Nxd6 41. Nxd6 Nxc7 42. h5 Nd5 43. Nd2 a5 44. N6c4 a4 45. Ne4 Bf8 46. Kd1 f5 47. Ned2 Nf6 48. Kc2 Nxh5 49. Nb2 f4 50. g4 Nf6 51. f3 a3 52. Nbc4 a2 53. Kb2 Nd5 54. Kxa2 Nb4+ 55. Kb3 Nxd3 56. Ne4 Ne1 57. Ncd2 Kf7 58. Kc4 Kg6 59. Kd5 Ng2 60. Ke6 Ne3 61. Nd6 Bxd6 62. Kxd6 c4 63. Ne4 c3 64. Nc5 c2 65. Nd3 h5 66. gxh5+ Kxh5 67. Ke5 Kh4 68. Ke4 Kg3 69. Nc1 Kf2 70. Nd3+ Ke2 71. Nc1+ Kd1 72. Nb3 c1=Q 0-1


[Site "https://www.chess.com"]

[Event "Titled Tuesday Blitz November 2 2021"]
[White "Hirneise, Jens"]
[Black "Rozman, Levy"]
[WhiteFideId "24614734"]
[BlackFideId "2039877"]
[WhiteElo "2323"]
[BlackElo "2376"]
[Result "1-0"]
[Round "10"]
[TimeControl "180+1"]
[Date "2021.11.02"]
[WhiteClock "0:00:06"]
[BlackClock "0:00:01"]

1. d3 b6 2. f4 Bb7 3. Nf3 g6 4. e4 Bg7 5. Be2 e6 6. O-O a5 7. c3 Ne7 8. Be3 d6 9. Nbd2 Nd7 10. d4 d5 11. e5 Qc8 12. Rc1 O-O 13. Bf2 a4 14. Qc2 Ba6 15. Bxa6 Qxa6 16. c4 c6 17. g4 a3 18. b3 Rac8 19. c5 bxc5 20. dxc5 f6 21. exf6 Nxf6 22. Ng5 Nxg4 23. Nxe6 Qe2 24. Rce1 Qa6 25. Nxg7 Rxf4 26. Rxe7 Rcf8 27. Ne6 Rxf2 28. Rxf2 Rxf2 29. Re8+ Kf7 30. Rf8+ Kxe6 31. Rxf2 Nxf2 32. Kxf2 Qb5 33. Nf3 Kd7 34. Qc3 Kc8 35. Nd4 Qb7 36. Qh3+ Kb8 37. Qe6 Qg7 38. Qd6+ Ka7 39. Nxc6+ Kb7 40. Ne5 Qh6 41. c6+ Ka8 42. Qd8+ Ka7 43. Qc7+ Ka6 44. Qb7+ Ka5 45. Qa7+ Kb5 46. Nf3 Qc1 47. Qb7+ Ka5 48. c7 Qb2+ 49. Kg3 Qxa2 50. c8=Q Qe2 51. Qca8+ 1-0


[Site "https://www.chess.com"]

[Event "Titled Tuesday Blitz November 2 2021"]
[White "Holt, Conrad"]
[Black "Nozdrachev, Leonid"]
[WhiteFideId "2034387"]
[BlackFideId "24113433"]
[WhiteElo "2586"]
[BlackElo "2124"]
[Result "1-0"]
[Round "10"]
[TimeControl "180+1"]
[Date "2021.11.02"]
[WhiteClock "0:01:34"]
[BlackClock "0:00:52"]

1. d4 Nf6 2. c4 e6 3. Nc3 Bb4 4. Qc2 O-O 5. a3 Bxc3+ 6. Qxc3 b5 7. cxb5 c6 8. e3 cxb5 9. Bxb5 Ne4 10. Qd3 Nd6 11. Bd2 Nxb5 12. Qxb5 Ba6 13. Qa5 Qh4 14. Nf3 Qe4 15. Qa4 Qg4 16. Rg1 Rc8 17. Bc3 Qf5 18. O-O-O Bd3 19. d5 exd5 20. Qd4 1-0


[Site "https://www.chess.com"]

[Event "Titled Tuesday Blitz November 2 2021"]
[White "Jobava, Baadur"]
[Black "Djordjevic, Vuk"]
[WhiteFideId "13601520"]
[BlackFideId "902098"]
[WhiteElo "2731"]
[BlackElo "2463"]
[Result "1-0"]
[Round "10"]
[TimeControl "180+1"]
[Date "2021.11.02"]
[WhiteClock "0:00:24"]
[BlackClock "0:00:03"]

1. e4 e6 2. Qe2 c5 3. c4 Nc6 4. Nf3 g6 5. Nc3 Bg7 6. h4 h6 7. e5 Nge7 8. Nb5 O-O 9. h5 g5 10. d4 cxd4 11. Bxg5 hxg5 12. h6 Ng6 13. hxg7 Kxg7 14. O-O-O g4 15. Qd2 Rh8 16. Rxh8 Qxh8 17. Nfxd4 Ncxe5 18. Qc3 d5 19. Kb1 dxc4 20. Bxc4 Bd7 21. Nd6 Qh2 22. f3 Kg8 23. Ne4 Qh4 24. f4 Nxc4 25. g3 Qe7 26. Qxc4 Rc8 27. Qe2 Bc6 28. Nxc6 bxc6 29. Qxg4 Rd8 30. Rh1 Qb4 31. f5 exf5 32. Nf6+ 1-0


[Site "https://www.chess.com"]

[Event "Titled Tuesday Blitz November 2 2021"]
[White "Kaasen, Tor Fredrik"]
[Black "Gubajdullin, Alexei"]
[WhiteFideId "1516647"]
[BlackFideId "4141202"]
[WhiteElo "2349"]
[BlackElo "2268"]
[Result "1-0"]
[Round "10"]
[TimeControl "180+1"]
[Date "2021.11.02"]
[WhiteClock "0:00:38"]
[BlackClock "0:00:05"]

1. e4 d6 2. d4 g6 3. Nc3 Bg7 4. Be3 c6 5. Nf3 b5 6. Bd3 Nd7 7. O-O Nb6 8. Re1 Nf6 9. a4 b4 10. Ne2 a5 11. c3 b3 12. Qxb3 Rb8 13. Qc2 O-O 14. h3 Nfd7 15. Rad1 Qc7 16. b3 c5 17. Bb5 cxd4 18. Bxd4 e5 19. Be3 Nc5 20. c4 f5 21. Nc3 Bb7 22. Ng5 Qe7 23. Nd5 Nxd5 24. cxd5 Bf6 25. Bxc5 Bxg5 26. Be3 f4 27. Bc1 f3 28. g3 Bc8 29. Kh2 h5 30. Bxg5 Qxg5 31. Qc7 h4 32. Rg1 Rb7 33. Qxd6 Rh7 34. gxh4 Qf4+ 35. Rg3 g5 36. Qg6+ Kh8 37. Qxg5 Qf7 38. Qxe5+ Qf6 39. Qxf6+ Rxf6 40. d6 Bd7 41. e5 Re6 42. Bc4 Re8 43. Rdg1 Rh5 44. Rg8+ Rxg8 45. Rxg8+ Kh7 46. Rd8 Bc6 47. e6 Rh6 48. e7 Rg6 49. Bd3 1-0


[Site "https://www.chess.com"]

[Event "Titled Tuesday Blitz November 2 2021"]
[White "Karttunen, Mika"]
[Black "Alavi, Sayed Javad"]
[WhiteFideId "502081"]
[BlackFideId "12500607"]
[WhiteElo "2343"]
[BlackElo "2495"]
[Result "1-0"]
[Round "10"]
[TimeControl "180+1"]
[Date "2021.11.02"]
[WhiteClock "0:00:11"]
[BlackClock "0:00:03"]

1. e4 e5 2. Nf3 Nc6 3. Bb5 a6 4. Ba4 d6 5. c3 Bd7 6. d4 g6 7. Bg5 f6 8. Be3 Bg7 9. dxe5 fxe5 10. Nbd2 Nh6 11. Bg5 Ne7 12. Bb3 Qc8 13. Nc4 Nf7 14. Bh4 Be6 15. Ne3 h6 16. Bxe7 Kxe7 17. Bxe6 Qxe6 18. Nd5+ Kd8 19. Qb3 b6 20. Qc4 Qd7 21. O-O-O g5 22. Ne3 Bf6 23. g4 Rf8 24. Nf5 Kc8 25. Qd5 Kb8 26. Nd2 Ka7 27. Nc4 Rac8 28. Nce3 Nd8 29. Kb1 Ne6 30. f3 Nf4 31. Qd2 Rh8 32. Nd5 Bd8 33. Nxf4 gxf4 34. h4 Bf6 35. Qd5 Rce8 36. Rhg1 Bd8 37. Qd3 Reg8 38. Rh1 Rh7 39. a3 Qf7 40. Rd2 Rg6 41. Rhd1 Rg8 42. Qe2 Rg6 43. Qd3 Rg8 44. Qc2 Rg6 45. Qa4 Rh8 46. Qc6 Re6 47. a4 Qe8 48. Qc4 Rg6 49. Kc2 Qd7 50. a5 bxa5 51. Ra1 Qb5 52. Qxb5 axb5 53. Rxa5+ Kb6 54. b4 Rgg8 55. Kb3 Kc6 56. Rda2 h5 57. g5 Rh7 58. Rd2 Rhh8 59. Rd5 Bxg5 60. hxg5 h4 61. Rd2 h3 62. Raa2 Rxg5 63. Rh2 Rgh5 64. Ra1 Rg8 65. Rah1 Rgh8 66. Rg1 Kd7 67. Rg7+ Ke6 68. Re7+ 1-0


[Site "https://www.chess.com"]

[Event "Titled Tuesday Blitz November 2 2021"]
[White "Kim, Sergey"]
[Black "Rodchenkov, Vitaly"]
[WhiteFideId "13700570"]
[BlackFideId "4152964"]
[WhiteElo "2589"]
[BlackElo "2337"]
[Result "0-1"]
[Round "10"]
[TimeControl "180+1"]
[Date "2021.11.02"]
[WhiteClock "0:01:54"]
[BlackClock "0:02:16"]

1. d4 Nf6 2. c4 e6 3. Nc3 Bb4 4. Qc2 c5 5. dxc5 Nc6 6. Nf3 Bxc5 7. Bd2 O-O 8. e3 d5 9. Be2 Qe7 10. O-O a6 11. Rfd1 dxc4 12. Bxc4 b5 13. Be2 Bb7 14. Rac1 Rac8 15. Qb1 Rfd8 16. Be1 h6 17. Ne4 Nxe4 18. Qxe4 Nd4 19. exd4 Bxe4 20. dxc5 Rxd1 21. Bxd1 Rxc5 22. Ra1 Qc7 23. Bd2 g5 24. h3 f6 25. Be3 Rc6 26. Nd4 Rd6 27. Rc1 Qd7 0-1


[Site "https://www.chess.com"]

[Event "Titled Tuesday Blitz November 2 2021"]
[White "Lazavik, Denis"]
[Black "Khoroshev, Nikita"]
[WhiteFideId "13515110"]
[BlackFideId "14200287"]
[WhiteElo "2436"]
[BlackElo "2376"]
[Result "1/2-1/2"]
[Round "10"]
[TimeControl "180+1"]
[Date "2021.11.02"]
[WhiteClock "0:00:14"]
[BlackClock "0:00:12"]

1. d4 Nf6 2. c4 e6 3. Nf3 d5 4. Nc3 Bb4 5. Bg5 h6 6. Bxf6 Qxf6 7. e3 O-O 8. Rc1 c6 9. Qb3 Bxc3+ 10. Qxc3 Nd7 11. cxd5 exd5 12. Bd3 Re8 13. O-O Nf8 14. b4 Bf5 15. b5 Rac8 16. Bxf5 Qxf5 17. Qa5 Ne6 18. bxc6 bxc6 19. Qxa7 Ra8 20. Qb6 Rxa2 21. Qxc6 Rf8 22. Ne5 Qe4 23. Ra1 Rc2 24. Qd6 Ng5 25. Nc6 Re8 26. Ra7 Re6 27. Ne7+ Kh7 28. Qd8 Nh3+ 29. gxh3 Rg6+ 30. Nxg6 Qxg6+ 31. Kh1 Qe4+ 32. Kg1 Qg6+ 33. Kh1 Qe4+ 34. Kg1 Qg6+ 1/2-1/2


[Site "https://www.chess.com"]

[Event "Titled Tuesday Blitz November 2 2021"]
[White "Lovkov, Roman"]
[Black "Kalogeris, Ioannis"]
[WhiteFideId "4157389"]
[BlackFideId "4239563"]
[WhiteElo "2371"]
[BlackElo "2287"]
[Result "1-0"]
[Round "10"]
[TimeControl "180+1"]
[Date "2021.11.02"]
[WhiteClock "0:02:01"]
[BlackClock "0:00:04"]

1. e4 e5 2. f4 exf4 3. Nc3 Qh4+ 4. Ke2 b6 5. Nf3 Qh5 6. d4 Nf6 7. Bxf4 Qg4 8. Bxc7 Nxe4 9. Nxe4 Qxe4+ 10. Kf2 Qc6 11. Bf4 Bd6 12. Bb5 Qc7 13. Re1+ Kf8 14. Qe2 g6 15. Bh6+ 1-0


[Site "https://www.chess.com"]

[Event "Titled Tuesday Blitz November 2 2021"]
[White "Majdan, Joanna"]
[Black "Przybylski, Wojciech"]
[WhiteFideId "1121979"]
[BlackFideId "1117599"]
[WhiteElo "2270"]
[BlackElo "2247"]
[Result "0-1"]
[Round "10"]
[TimeControl "180+1"]
[Date "2021.11.02"]
[WhiteClock "0:00:31"]
[BlackClock "0:00:08"]

1. e4 e5 2. Nf3 Nc6 3. c3 Nf6 4. d4 exd4 5. e5 Ne4 6. Qe2 Nc5 7. cxd4 Na4 8. Nc3 Bb4 9. Qc2 Nxc3 10. bxc3 Ba5 11. Bd3 d5 12. exd6 Qxd6 13. O-O Be6 14. Bg5 h6 15. Bh4 O-O 16. Bg3 Qd7 17. Ne5 Nxe5 18. Bxe5 Rad8 19. Rac1 c5 20. Rfd1 Bc7 21. Qe2 Bxe5 22. Qxe5 cxd4 23. Bb1 Qd5 24. Qg3 Qg5 25. Qd3 g6 26. cxd4 Bd5 27. f3 Rfe8 28. Re1 h5 29. Qb5 a6 30. Rxe8+ Kg7 31. Qc5 Rxe8 32. Be4 Qe3+ 33. Kh1 Bxe4 34. fxe4 Rxe4 35. h3 Qxd4 36. Qg5 Qf6 37. Qg3 Qf4 38. Qc3+ Qe5 39. Qb3 Re1+ 40. Rxe1 Qxe1+ 41. Kh2 Qe5+ 42. g3 b5 43. h4 Qd4 44. Qc2 a5 45. Qe2 b4 46. Qb5 Qb2+ 47. Kh3 Qxa2 48. Qe5+ Kh7 49. g4 Qe6 50. Qxa5 Qxg4+ 51. Kh2 Qxh4+ 52. Kg2 Qg4+ 53. Kf2 Qf4+ 54. Ke2 h4 55. Qa8 h3 56. Qc8 h2 57. Qh3+ Kg7 58. Qg2 b3 59. Qb7 Qf5 60. Qxb3 Qe4+ 61. Kd2 h1=Q 62. Qc3+ Kh7 63. Qc7 Qeg2+ 64. Ke3 Qhh3+ 65. Kd4 Qgg4+ 66. Kc5 Qc3+ 67. Kd6 Qxc7+ 68. Kxc7 Qf4+ 69. Kd7 g5 70. Ke7 g4 71. Kf8 Kg6 72. Ke7 f6 73. Kf8 f5 74. Kg8 Qf3 75. Kf8 g3 76. Ke7 Qf2 77. Kf8 f4 0-1


[Site "https://www.chess.com"]

[Event "Titled Tuesday Blitz November 2 2021"]
[White "Mikhailovsky, Vladimir"]
[Black "Siva Mahadevan"]
[WhiteFideId "34105414"]
[BlackFideId "25043153"]
[WhiteElo "2402"]
[BlackElo "2203"]
[Result "0-1"]
[Round "10"]
[TimeControl "180+1"]
[Date "2021.11.02"]
[WhiteClock "0:00:17"]
[BlackClock "0:02:36"]

1. e4 c5 2. Nf3 Nc6 3. Bb5 Na5 4. c3 a6 5. Ba4 b5 6. Bc2 Bb7 7. O-O e6 8. d4 cxd4 9. cxd4 Nf6 10. e5 Nd5 11. Nbd2 Rc8 12. Ne4 h6 13. a3 Qb6 14. Qd3 Be7 15. b3 Nc6 16. Bd2 b4 17. a4 a5 18. Qe2 Nxd4 19. Nxd4 Qxd4 20. Rac1 Qxe5 21. Qb5 Bc6 22. Qxa5 Ra8 23. Qxa8+ Bxa8 24. Bd3 O-O 0-1


[Site "https://www.chess.com"]

[Event "Titled Tuesday Blitz November 2 2021"]
[White "Narayanan.S.L"]
[Black "Tregubov, Pavel V."]
[WhiteFideId "5058422"]
[BlackFideId "4115341"]
[WhiteElo "2570"]
[BlackElo "2423"]
[Result "1-0"]
[Round "10"]
[TimeControl "180+1"]
[Date "2021.11.02"]
[WhiteClock "0:01:37"]
[BlackClock "0:00:05"]

1. c4 Nf6 2. Nf3 c5 3. d4 cxd4 4. Nxd4 Nc6 5. g3 Qb6 6. Nb3 Ne5 7. Bg2 Nxc4 8. O-O e6 9. e4 d5 10. exd5 exd5 11. Nc3 Be6 12. Bg5 Rd8 13. Bxf6 gxf6 14. Bxd5 Bb4 15. Qe2 Bxc3 16. Bxc4 Be5 17. Bxe6 Qxe6 18. Rfe1 O-O 19. Nc5 Qb6 20. Nd3 Rfe8 21. Rad1 Qb5 22. Qg4+ Kh8 23. Nxe5 fxe5 24. Rxd8 Rxd8 25. Qg5 Rd6 26. Qe7 Rg6 27. Qf8+ Rg8 28. Qxf7 Qc6 29. Qe7 Re8 30. Qb4 Kg7 31. Qe4 Qxe4 32. Rxe4 Kf7 33. f4 Rc8 34. Rxe5 Rc2 35. Rb5 b6 36. a4 Kg6 37. a5 bxa5 38. Rxa5 Rxb2 39. Rxa7 h5 40. Ra5 Kh6 41. Ra6+ Kg7 42. Re6 Ra2 43. Re3 Kg6 44. Rf3 Kf5 45. Rf2 Ra3 46. Kg2 h4 47. Kh3 Rb3 48. Re2 hxg3 49. hxg3 1-0


[Site "https://www.chess.com"]

[Event "Titled Tuesday Blitz November 2 2021"]
[White "Narayanan, Srinath"]
[Black "Girinath, P.D.S."]
[WhiteFideId "5018420"]
[BlackFideId "5000572"]
[WhiteElo "2472"]
[BlackElo "2333"]
[Result "1-0"]
[Round "10"]
[TimeControl "180+1"]
[Date "2021.11.02"]
[WhiteClock "0:00:01"]
[BlackClock "0:00:02"]

1. d4 e6 2. c4 f5 3. g3 Nf6 4. Bg2 Be7 5. Nf3 O-O 6. O-O a5 7. Nc3 d6 8. Qc2 Nc6 9. a3 e5 10. dxe5 dxe5 11. Rd1 Qe8 12. Nd5 Bd8 13. Bg5 Qf7 14. Bxf6 Bxf6 15. e3 Be6 16. Ne1 e4 17. Qb3 b6 18. f4 a4 19. Qc2 Rfd8 20. g4 g6 21. Nxf6+ Qxf6 22. g5 Qe7 23. Rxd8+ Rxd8 24. Qxa4 Qc5 25. Qb3 Na5 26. Qc3 Nxc4 27. Nc2 Rd3 28. Qf6 Bf7 29. b4 Qd5 30. Bf1 Rd1 31. Qc3 Rxa1 32. Nxa1 Nd2 33. Be2 Nf3+ 34. Bxf3 exf3 35. Qe1 Qa2 36. Qf1 Bd5 37. Nc2 Qxc2 38. h4 Qd2 39. e4 1-0


[Site "https://www.chess.com"]

[Event "Titled Tuesday Blitz November 2 2021"]
[White "Naroditsky, Daniel"]
[Black "Nakamura, Hikaru"]
[WhiteFideId "2026961"]
[BlackFideId "2016192"]
[WhiteElo "2608"]
[BlackElo "2884"]
[Result "1/2-1/2"]
[Round "10"]
[TimeControl "180+1"]
[Date "2021.11.02"]
[WhiteClock "0:01:23"]
[BlackClock "0:01:29"]

1. e4 e5 2. Nf3 Nc6 3. Bb5 Nf6 4. O-O Nxe4 5. Re1 Nd6 6. Nxe5 Be7 7. Bf1 Nxe5 8. Rxe5 O-O 9. Nc3 Ne8 10. d4 Bf6 11. Re1 d5 12. Bd3 c6 13. Bf4 g6 14. Ne2 Ng7 15. c3 Bf5 16. Bxf5 Nxf5 17. Ng3 Ng7 18. Qf3 Bg5 19. Bxg5 Qxg5 20. Re5 Qh4 21. Rae1 Rae8 22. Rxe8 Rxe8 23. Rxe8+ Nxe8 24. Qe3 Qd8 25. h4 h5 26. Ne2 Nd6 27. g3 Nc4 28. Qc1 Qa5 29. a3 Qb5 30. b4 Qa4 31. Nf4 Qxa3 32. Qe1 Qb2 33. Qe8+ Kg7 34. Ne6+ fxe6 35. Qe7+ Kg8 36. Qe8+ Kg7 37. Qe7+ Kg8 38. Qe8+ Kg7 1/2-1/2


[Site "https://www.chess.com"]

[Event "Titled Tuesday Blitz November 2 2021"]
[White "Nazaretyan, Tigran"]
[Black "Sychev, Klementy"]
[WhiteFideId "24162345"]
[BlackFideId "4114060"]
[WhiteElo "2187"]
[BlackElo "2615"]
[Result "0-1"]
[Round "10"]
[TimeControl "180+1"]
[Date "2021.11.02"]
[WhiteClock "0:00:03"]
[BlackClock "0:00:35"]

1. d4 Nc6 2. Nf3 d6 3. e4 Bg4 4. Be2 Nf6 5. d5 Nb8 6. h3 Bd7 7. c4 g6 8. Nc3 Bg7 9. O-O O-O 10. Bf4 Na6 11. Re1 e5 12. Be3 Nc5 13. Nxe5 Nfxe4 14. Nxd7 Qxd7 15. Nxe4 Nxe4 16. Qc2 Rae8 17. Rac1 a5 18. b3 Nc5 19. a3 Rxe3 20. fxe3 Qe7 21. Bf3 Be5 22. b4 axb4 23. axb4 Nd7 24. Qf2 Qg5 25. h4 Qe7 26. Re2 h6 27. Ra2 Kg7 28. Ra7 Rb8 29. Rc2 Nf6 30. Rca2 Bc3 31. b5 Bb4 32. Re2 Bc5 33. Raa2 Re8 34. Kf1 Qe5 35. g3 g5 36. Qe1 Qf5 37. Qf2 Qd3 38. Kg1 Rxe3 39. Rad2 Rxe2 40. Qxc5 Qb1+ 41. Rd1 Qxd1# 0-1


[Site "https://www.chess.com"]

[Event "Titled Tuesday Blitz November 2 2021"]
[White "Pham, Le Thao Nguyen"]
[Black "Karpeshov, Oleg"]
[WhiteFideId "12401226"]
[BlackFideId "4106814"]
[WhiteElo "2286"]
[BlackElo "2354"]
[Result "0-1"]
[Round "10"]
[TimeControl "180+1"]
[Date "2021.11.02"]
[WhiteClock "0:00:04"]
[BlackClock "0:00:27"]

1. d4 Nf6 2. Nf3 e6 3. Bf4 d5 4. e3 c5 5. c3 Bd6 6. Bg3 O-O 7. Nbd2 Qc7 8. Ne5 Nc6 9. f4 Ne7 10. Bd3 Nf5 11. Qf3 b6 12. Bf2 Be7 13. Ng4 Ne8 14. O-O Bb7 15. Qh3 Ned6 16. Nf3 f6 17. Nh4 Nxh4 18. Bxh4 Ne4 19. f5 exf5 20. Rxf5 Bd6 21. Nf2 cxd4 22. exd4 Rae8 23. Qf3 g6 24. Rxf6 Nxf6 25. Bxf6 Bxh2+ 26. Kh1 Bf4 27. Bh4 Be3 28. Ng4 Rxf3 29. gxf3 Rf8 30. Kg2 g5 31. Bg3 Bf4 32. Bf2 Bc8 0-1


[Site "https://www.chess.com"]

[Event "Titled Tuesday Blitz November 2 2021"]
[White "Pichot, Alan"]
[Black "Zubov, Alexander"]
[WhiteFideId "110973"]
[BlackFideId "14109409"]
[WhiteElo "2600"]
[BlackElo "2685"]
[Result "1/2-1/2"]
[Round "10"]
[TimeControl "180+1"]
[Date "2021.11.02"]
[WhiteClock "0:00:07"]
[BlackClock "0:00:04"]

1. e4 c5 2. Nf3 e6 3. d4 cxd4 4. Nxd4 a6 5. Bd3 Bc5 6. Nb3 Be7 7. Qg4 g6 8. Qe2 d6 9. O-O Nc6 10. a4 b6 11. Be3 Ne5 12. N1d2 Nf6 13. f4 Nxd3 14. cxd3 Rb8 15. Nd4 Bd7 16. Rfc1 O-O 17. Nc6 Bxc6 18. Rxc6 Nd7 19. Nc4 d5 20. exd5 exd5 21. Ne5 f6 22. Nxd7 Qxd7 23. Rxb6 d4 24. Rxb8 Rxb8 25. Bf2 Bf8 26. Qc2 Rb4 27. b3 Qd5 28. Rb1 h5 29. Qd1 Bd6 30. Be1 Rb7 31. Bd2 Kf7 32. b4 Rb8 33. Qb3 Qxb3 34. Rxb3 Ke6 35. Kf2 Kd5 36. Kf3 f5 37. g3 Rb7 38. h3 Rb8 39. Rb1 Rc8 40. b5 axb5 41. Rxb5+ Kc6 42. Bb4 Ra8 43. Bxd6 Kxd6 44. Rb6+ Ke7 45. Rxg6 Rxa4 46. g4 hxg4+ 47. hxg4 Ra3 48. gxf5 Rxd3+ 49. Ke4 Rd1 50. Re6+ Kf7 51. Rd6 Re1+ 52. Kxd4 Re2 53. f6 Re1 54. Rd5 Kxf6 55. Re5 Rf1 56. Ke4 Re1+ 57. Kf3 Rxe5 58. fxe5+ Kxe5 1/2-1/2


[Site "https://www.chess.com"]

[Event "Titled Tuesday Blitz November 2 2021"]
[White "Postny, Evgeny"]
[Black "Urazayev, Arystanbek"]
[WhiteFideId "2804344"]
[BlackFideId "13709810"]
[WhiteElo "2521"]
[BlackElo "2321"]
[Result "0-1"]
[Round "10"]
[TimeControl "180+1"]
[Date "2021.11.02"]
[WhiteClock "0:00:02"]
[BlackClock "0:00:15"]

1. Nf3 d5 2. d4 Nf6 3. c4 e6 4. Nc3 a6 5. cxd5 exd5 6. Bg5 Be6 7. e3 Nbd7 8. Bd3 c6 9. O-O Bd6 10. Bf4 Qc7 11. Qc1 O-O 12. a3 Rfe8 13. b4 Bg4 14. Bxd6 Qxd6 15. Nd2 b5 16. h3 Bh5 17. Nb3 Nb6 18. Nc5 Nc4 19. a4 Bg6 20. Bxc4 bxc4 21. a5 h5 22. Qd2 h4 23. f3 Nd7 24. Nxd7 Qxd7 25. Na4 Qe7 26. Rfe1 Qg5 27. Nc5 Ra7 28. Ra3 Bf5 29. Kh1 Bc8 30. Qf2 Rae7 31. Rc3 g6 32. e4 Qf4 33. Rce3 Kg7 34. R3e2 g5 35. Kg1 f6 36. Qe3 Qg3 37. Qf2 Qd6 38. e5 fxe5 39. dxe5 Qg6 40. Qd4 Kh7 41. Re3 Qf5 42. Kf2 Qf4 43. Qxf4 gxf4 44. R3e2 Kg6 45. Na4 Kf5 46. Nb6 Be6 47. Rc1 Rg7 48. Ke1 Reg8 49. Kf1 Rg3 50. Rcc2 Kg6 51. Ke1 Bf5 52. Ra2 Bd3 53. Rf2 Kf5 54. Na4 Kxe5 55. Nc5 Kd4 56. Nxa6 Re8+ 57. Kd1 c3 58. Nc5 Bc4 59. Rac2 Rg5 60. a6 Rge5 0-1


[Site "https://www.chess.com"]